 Dungeon Crawl Stone Soup version 0.21-a0-264-g3e31e41 (webtiles) character file.

1453 JackS81 the Transmogrifier (level 8, -5/54 HPs)
             Began as a Merfolk Transmuter on Sept 10, 2017.
             Slain by an orc warrior
             ... wielding a +0 halberd
              (27 damage)
             ... on level 6 of the Dungeon.
             The game lasted 00:30:32 (5863 turns).

JackS81 the Transmogrifier (Merfolk Transmuter)     Turns: 5863, Time: 00:30:33

Health: -5/54      AC:  2    Str: 10    XL:     8   Next: 76%
Magic:  9/11       EV: 21    Int: 17    God:
Gold:   252        SH:  0    Dex: 25    Spells: 4/11 levels left

rFire    . . .     SeeInvis .     - Unarmed
rCold    . . .     Gourm    .   (shield currently unavailable)
rNeg     . . .     Faith    .   (armour currently unavailable)
rPois    x         Spirit   .   (helmet currently unavailable)
rElec    .         Reflect  .   (cloak currently unavailable)
rCorr    .         Harm     .   (gloves currently unavailable)
MR       .....                  (boots currently unavailable)
Stlth    ++........             y - amulet of regeneration
HPRegen  0.58/turn              k - +5 ring of intelligence
MPRegen  0.12/turn              E - +5 ring of dexterity

@: spider-form
A: (change form in water), (swift swim), (stealthy swim), dopey 1, sense
surroundings 1, no potion heal 1
a: End Transformation


You were on level 6 of the Dungeon.
You were not hungry.
You were a venomous arachnid creature.
You visited 2 branches of the dungeon, and saw 7 of its levels.
You also visited: Sewer.

You collected 252 gold pieces.

Inventory:

Missiles
 a - 100 arrows
 e - 148 stones
 j - 49 poisoned needles
 t - 3 steel tomahawks (quivered)
Armour
 b - a +0 robe (melded)
 i - a +1 pair of boots (melded)
 m - a +2 hat (melded)
Jewellery
 k - a +5 ring of intelligence (left front leg)
 o - an uncursed ring of protection from fire
 y - an amulet of regeneration (around neck)
 D - an uncursed ring of see invisible
 E - a +5 ring of dexterity (right front leg)
Wands
 w - a wand of iceblast (3/15)
 A - a wand of enslavement (6/24)
Scrolls
 f - a scroll of enchant weapon
 g - 2 scrolls of identify
 h - 3 scrolls of remove curse
 q - 3 scrolls of teleportation
 F - a scroll of amnesia
Potions
 p - 3 potions of heal wounds
 u - a potion of agility
 v - a potion of flight
 z - 2 potions of curing
 B - a potion of invisibility
Books
 c - a book of Changes

   Spells                             Type                      Level
   a - Beastly Appendage              Transmutation                1
   b - Sticks to Snakes               Transmutation                2
   c - Spider Form                    Transmutation/Poison         3
   d - Ice Form                       Ice/Transmutation            4
   e - Blade Hands                    Transmutation                5
 r - a book of Maledictions

   Spells                             Type                      Level
   a - Corona                         Hexes                        1
   b - Ensorcelled Hibernation        Hexes/Ice                    2
   c - Confuse                        Hexes                        3
   d - Tukima's Dance                 Hexes                        3
   e - Dazzling Spray                 Conjuration/Hexes            3
 C - a book of Cantrips

   Spells                             Type                      Level
   a - Confusing Touch                Hexes                        1
   b - Animate Skeleton               Necromancy                   1
   c - Summon Small Mammal            Summoning                    1
   d - Apportation                    Translocation                1
Comestibles
 d - a bread ration
 l - 3 meat rations
 n - 4 royal jellies


   Skills:
 - Level 1.1 Fighting
 - Level 2.6 Dodging
 + Level 8.2 Unarmed Combat
 - Level 2.0 Spellcasting
 * Level 10.2 Transmutations
 - Level 1.3 Ice Magic
 - Level 1.5 Poison Magic


You had 4 spell levels left.
You knew the following spells:

 Your Spells              Type           Power        Failure   Level  Hunger
b - Spider Form           Tmut/Pois      ###.......   14%         3    ###....
c - Ice Form              Ice/Tmut       ###.....     38%         4    #####..


Dungeon Overview and Level Annotations

Branches:
Dungeon (6/15)             Temple (1/1) D:4

Altars:
Ashenzari
Cheibriados
Dithmenos
Elyvilon
Fedhas
Gozag
Hepliaklqana
Kikubaaqudgha
Nemelex Xobeh
Ru
Sif Muna
Trog
Vehumet
Wu Jian
Yredelemnul
The Shining One

Shops:
D:4 =


Innate Abilities, Weirdness & Mutations

((You revert to your normal form in water.))
((You are very nimble and swift while swimming.))
((You are very stealthy in the water. (Stealth+)))
You are dopey. (Int -2)
You passively map a small area around you.
Potions are less effective at restoring your health.


Message History

The tomahawk misses you.
The orc warrior hits you from afar with a halberd!
You hit the orc.
The orc is almost dead.
You feel very sick. The orc closely misses you.
The orc throws a tomahawk.
The tomahawk misses you.
You hit the orc.
You kill the orc!
You feel sick.
The orc warrior hits you from afar with a halberd!
* * * LOW HITPOINT WARNING * * *
* * * LOW HITPOINT WARNING * * *
You feel sick.
Your system partially rejects the healing.
You feel better. The orc warrior barely misses you.
You bite the orc!
You kill the orc!
The orc warrior hits you from afar with a halberd!!
Ouch! That really hurt!
You die...

#...(..†......,
#.#.##.#......
######.#..)........
#......#(##........
######.##.#...........
#..............[......
#####.....o.#.........
#.###)###.####..o ,
#####...s.....#* .
#...<............ ,,
#####.....#.............
#.......................
##.######(#............
#.# #.####.......### #.#
#.. ...........#, #.#
#####.........# #.#
#.............


You could see an orc warrior.

Vanquished Creatures
  Edmund (D:5)
  The ghost of dricus the Magician, an amateur DECj (D:4)
  An ice beast (D:5)
  Purgy (Sewer)
  A sky beast (D:5)
  An ogre (D:5)
  2 centaurs (D:5)
  2 bullfrogs
  A scorpion (D:4)
  A howler monkey (D:4)
  2 crimson imps (D:5)
  Crazy Yiuf (D:2)
  A hound (D:5)
  A gnoll shaman (D:2)
  An orc priest (D:4)
  A bullfrog skeleton (D:5)
  An orc wizard (D:4)
  2 worker ants
  4 adders
  5 gnolls (D:2)
  A river rat (D:3)
  An ooze (D:2)
  3 adder skeletons
  A worm (D:3)
  3 dart slugs
  5 leopard geckos
  15 orcs
  6 giant cockroaches
  4 goblins
  7 hobgoblins
  10 jackals
  8 kobolds
  2 quokkas (D:2)
  4 ball pythons
  8 bats
  11 frilled lizards
  A quokka zombie (D:5)
  10 rats
131 creatures vanquished.

Notes
Turn   | Place    | Note
-------+----------+-------------------------------------------
     0 | D:1      | JackS81 the Merfolk Transmuter began the quest for the Orb.
     0 | D:1      | Reached XP level 1. HP: 15/15 MP: 3/3
     9 | D:1      | Reached skill level 3 in Transmutations
   310 | D:1      | Reached XP level 2. HP: 17/21 MP: 3/5
   402 | D:1      | Reached skill level 4 in Transmutations
   609 | D:1      | Reached XP level 3. HP: 25/26 MP: 6/6
   682 | D:1      | Learned a level 3 spell: Spider Form
   882 | D:2      | Reached skill level 5 in Transmutations
  1122 | D:2      | Reached XP level 4. HP: 32/32 MP: 7/7
  1332 | D:2      | Reached skill level 6 in Transmutations
  1332 | D:2      | Reached XP level 5. HP: 26/37 MP: 5/8
  1701 | D:2      | Found a runed door.
  1706 | D:2      | Noticed Crazy Yiuf
  1713 | D:2      | Killed Crazy Yiuf
  2105 | D:3      | Reached skill level 7 in Transmutations
  2115 | D:3      | Found a glowing drain.
  2171 | Sewer    | Entered a sewer
  2263 | Sewer    | Noticed Purgy
  2277 | Sewer    | Killed Purgy
  2277 | Sewer    | Reached XP level 6. HP: 14/43 MP: 6/9
  2647 | Sewer    | Learned a level 4 spell: Ice Form
  3363 | D:4      | Reached skill level 5 in Unarmed Combat
  3502 | D:4      | Reached skill level 1 in Poison Magic
  3506 | D:4      | Noticed dricus's ghost (amateur DECj)
  3506 | D:4      | Found a staircase to the Ecumenical Temple.
  3524 | D:4      | Killed dricus's ghost
  3524 | D:4      | Reached XP level 7. HP: 31/48 MP: 4/10
  3646 | Temple   | Entered the Ecumenical Temple
  3857 | D:4      | Reached skill level 8 in Transmutations
  4176 | D:4      | Found Midozal's Jewellery Shoppe.
  4459 | D:5      | Entered Level 5 of the Dungeon
  4754 | D:5      | Reached skill level 1 in Ice Magic
  4820 | D:5      | Reached skill level 9 in Transmutations
  4820 | D:5      | Reached XP level 8. HP: 54/54 MP: 8/11
  5206 | D:5      | Noticed Edmund
  5251 | D:5      | Killed Edmund
  5443 | D:5      | Reached skill level 10 in Transmutations
  5451 | D:5      | Gained mutation: Potions are less effective at restoring your health. [mutagenic meat]
  5452 | D:5      | Gained mutation: You passively map a small area around you. [mutagenic meat]
  5453 | D:5      | Gained mutation: You are dopey. (Int -2) [mutagenic meat]
  5863 | D:6      | Slain by an orc warrior

Vault maps used:
D:1:      onia_arrival_mini_spirals
D:2:      uniq_crazy_yiuf_cottage
D:3:      first_bread, portal_sewer_entry_b
D:4:      minmay_temple_entry_statues_fountains, serial_shops,
          nicolae_shop_behind_doors, kennysheep_potato
D:5:      uniq_edmund
D:6:      nicolae_overflow_crystal_walls, serial_glass, glass_columns_b,
          glass_columns_c, hangedman_glass_teeth, kennysheep_generic_room_15
Temple:   eino_temple_scatter_basement
Sewer:    sewer_co_purgy_island

Skill      XL: |  1  2  3  4  5  6  7  8 |
---------------+-------------------------+-----
Transmutations | 3 4 5 6 7 9 10 | 10.2
Unarmed Combat | 4 5 6 8 |  8.2
Poison Magic   | 1 |  1.5
Ice Magic      | 1 |  1.3
Fighting       | |  1.1
Dodging        | |  2.6
Spellcasting   | |  2.0

Action                   |  1- 3 |  4- 6 |  7- 9 || total
-------------------------+-------+-------+-------++-------
Melee: Unarmed           |    72 |   181 |   123 ||   376
       Headbutt          |     7 |    16 |     5 ||    28
       Punch             |       |     3 |       ||     3
       Tailslap          |       |     1 |       ||     1
Throw: Tomahawk          |    29 |    17 |     7 ||    53
       Stone             |     6 |    12 |       ||    18
 Cast: Beastly Appendage |    20 |    20 |     4 ||    44
       Spider Form       |     1 |     8 |    17 ||    26
       Ice Form          |       |       |     1 ||     1
 Abil: End Transformatio |       |     2 |       ||     2
  Use: Potion            |       |     7 |     7 ||    14
       Scroll            |       |     7 |     5 ||    12
 Stab: Sleeping          |     1 |     2 |     1 ||     4
  Eat: Chunk             |     1 |     8 |     9 ||    18
       Bread ration      |       |     1 |     1 ||     2
Armor: Robe              |    19 |    25 |     3 ||    47
       Skin              |       |     2 |     4 ||     6
Dodge: Dodged            |    48 |   104 |   101 ||   253

Table legend:
 A = Spawn XP
 B = Non-spawn XP
 C = Spawn XP percentage of total XP
 D = Spawn monster count
 E = Non-spawn monster count
 F = Spawn count percentage of total count
 G = Total turns spent on level
                    A         B        C        D         E        F      G
               +---------+---------+-------+---------+---------+-------+---------
         Total |       0 |    2077 |   0.0 |       0 |     131 |   0.0 |  5863
               +---------+---------+-------+---------+---------+-------+---------
           D:1 |       0 |      48 |   0.0 |       0 |      26 |   0.0 |   875
           D:2 |       0 |     207 |   0.0 |       0 |      29 |   0.0 |  1015
           D:3 |       0 |      76 |   0.0 |       0 |      26 |   0.0 |   966
           D:4 |       0 |     405 |   0.0 |       0 |      17 |   0.0 |   949
           D:5 |       0 |    1082 |   0.0 |       0 |      18 |   0.0 |  1269
           D:6 |       0 |     115 |   0.0 |       0 |       7 |   0.0 |   135
         Sewer |       0 |     144 |   0.0 |       0 |       8 |   0.0 |   477
               +---------+---------+-------+---------+---------+-------+---------
